 Dungeon Crawl Stone Soup version 0.31-a0-180-g519b7de00c (webtiles) character file.

Game seed: 5284943529950937149

76501 Maxmaps the Marksdemonspawn (level 15, 0/108 HPs)
             Began as a Demonspawn Hunter on June 19, 2023.
             Was an Initiate of Gozag.
             Slain by a reaper
             ... wielding a +6 scythe of protection
              (26 damage)
             ... on level 2 of the Abyss.
             The game lasted 00:43:18 (25127 turns).

Maxmaps the Marksdemonspawn (Demonspawn Hunter)    Turns: 25127, Time: 00:43:20

Health: 0/108      AC: 27    Str: 12    XL:     15   Next: 12%
Magic:  15/15      EV: 18    Int: 15    God:    Gozag
Gold:   3593       SH:  9    Dex: 17    Spells: 14/14 levels left

rFire   . . .        D - +3 longbow (flame)
rCold   . . .        (shield currently unavailable)
rNeg    . . .        e - +1 scale mail
rPois   +            O - +0 helmet {SInv}
rElec   .            q - +0 cloak
rCorr   +            u - +0 pair of gloves
SInv    +            T - +0 pair of boots
Will    +....        M - amulet of reflection Stlth
                     g - +5 ring of evasion
HPRegen 0.38/turn    N - ring of poison resistance
MPRegen 0.14/turn

%: random rage (3%), reflection
@: about to teleport, marked, studying Invocations
A: yellow scales 3, icemail 2, powered by death 1, condensation shield, weakness
stinger 2, talons 1, dopey 1, [berserk 1]
a: Renounce Religion, Potion Petition, Call Merchant, Bribe Branch


You were on level 2 of the Abyss.
You worshipped Gozag.
Gozag was most pleased with you.
You visited 3 branches of the dungeon, and saw 19 of its levels.
You visited the Abyss 1 time.
You also visited: Bailey and Ice Cave.

You collected 5805 gold pieces.
You spent 600 gold pieces at shops.
You paid 1612 gold pieces to Gozag.

Inventory:

Hand Weapons
 k - a +1 arbalest
 D - a +3 longbow of flaming (weapon)
 J - a +3 shortbow of freezing
 Q - a +3 trident of venom
Missiles
 h - a throwing net
 t - 22 javelins
Armour
 e - a +1 scale mail (worn)
 q - a +0 cloak (worn)
 u - a +0 pair of gloves (worn)
 K - a +2 buckler of cold resistance
 O - a +0 helmet of see invisible (worn)
 T - a +0 pair of boots (worn)
 V - the +5 chain mail of Rethu {rF++ rCorr Str+2 Int-4}
   (You found it on level 5 of the Lair of Beasts)

   Str:       It affects your strength (+2).
   Int:       It affects your intelligence (-4).
   rF:        It greatly protects you from fire.
   rCorr:     It protects you from acid and corrosion.
Jewellery
 g - a +5 ring of evasion (left hand)
 m - a ring of protection from cold
 o - a ring of flight
 s - an amulet of faith
 M - an amulet of reflection (around neck)
 N - a ring of poison resistance (right hand)
 S - a ring of fire
Wands
 c - a wand of flame (5)
 B - a wand of quicksilver (7)
 E - a wand of charming (5)
 F - a wand of mindburst (10)
 H - a wand of digging (8)
Scrolls
 a - a scroll of enchant armour
 b - 3 scrolls of butterflies
 d - 15 scrolls of identify
 i - 5 scrolls of teleportation
 w - 4 scrolls of amnesia
 y - a scroll of enchant weapon
 z - 2 scrolls of fog
 A - a scroll of silence
 I - a scroll of blinking
 P - a scroll of brand weapon
 W - a scroll of revelation
 X - a scroll of fear
Potions
 f - 7 potions of ambrosia
 j - 4 potions of enlightenment
 l - 4 potions of attraction
 n - 3 potions of brilliance
 p - a potion of resistance
 r - 3 potions of mutation
 v - 2 potions of lignification
 x - a potion of invisibility
 G - 3 potions of degeneration
 L - 2 potions of curing
 U - a potion of magic
Miscellaneous
 C - a phial of floods
 R - a box of beasts


   Skills:
 - Level 7.0 Fighting
 - Level 20.2 Ranged Weapons
 - Level 9.2 Armour
 - Level 8.0 Dodging
 - Level 0.8 Stealth
 + Level 6.5 Evocations


You had 14 spell levels left.
You didn't know any spells.
Your spell library contained the following spells:

 Spells                   Type           Power      Damage    Failure   Level
 Beastly Appendage        Tmut           0%         N/A       71%         1
 Magic Dart               Conj           0%         1d3       71%         1
 Slow                     Hex            0%         N/A       71%         1
 Blink                    Tloc           0%         N/A       85%         2
 Lesser Beckoning         Tloc           0%         N/A       85%         2
 Momentum Strike          Conj/Tloc      0%         3d8       85%         2
 Poisonous Vapours        Pois/Air       0%         N/A       85%         2
 Searing Ray              Conj           0%         2d4       85%         2
 Wereblood                Tmut           0%         N/A       85%         2
 Confusing Touch          Hex            0%         N/A       97%         3
 Gell's Gravitas          Tloc           0%         N/A       97%         3
 Mephitic Cloud           Conj/Pois/Air  0%         N/A       97%         3
 Spider Form              Tmut/Pois      0%         N/A       97%         3
 Teleport Other           Tloc           0%         N/A       97%         3
 Vampiric Draining        Necr           0%         2d6       97%         3
 Volatile Blastmotes      Fire/Tloc      0%         2d10      97%         3
 Animate Armour           Summ/Erth      0%         N/A       100%        4
 Fulminant Prism          Conj/Hex       0%         3d5       100%        4
 Iskenderun's Mystic Bla  Conj/Tloc      0%         2d3       100%        4
 Manifold Assault         Tloc           0%         N/A       100%        4
 Summon Lightning Spire   Summ/Air       0%         N/A       100%        4
 Blade Hands              Tmut           0%         N/A       100%        5
 Freezing Cloud           Conj/Ice/Air   0%         6-21      100%        5
 Lee's Rapid Deconstruct  Erth           0%         3d4*      100%        5
 Dispersal                Tloc           0%         N/A       100%        6
 Storm Form               Tmut/Air       0%         N/A       100%        7


Dungeon Overview and Level Annotations

Branches:
Dungeon (13/15)            Temple (1/1) D:7            Lair (5/5) D:11
  Swamp (0/4) Lair:2       Spider (0/4) Lair:3        Slime (0/5) Lair:5
    Orc (0/2) D:10         Bailey (visited)           IceCv (visited)
 Vaults: D:13-14

Altars:
Ashenzari
Cheibriados
Dithmenos
Fedhas
Gozag
Hepliaklqana
Kikubaaqudgha
Makhleb
Nemelex Xobeh
Okawaru
Qazlal
Ru
Sif Muna
Trog
Uskayaw
Vehumet
Wu Jian
Xom
Yredelemnul
Jiyva

Shops:
D:8 **:

Annotations:
Lair:2 2 transporters, Ottew's ghost, journeyman DsFi
Lair:3 mdonais's ghost, journeyman OpWn


Innate Abilities, Weirdness & Mutations

You are completely covered in yellow scales. (AC +4, rCorr)
A meltable icy envelope protects you from harm. (AC +8)
You regenerate a little health from kills.
A meltable shield of frost defends you. (SH +4)
You have a tail ending in a sharp stinger.
You have sharp toenails.
You are dopey. (Int -2)
[You sometimes lose your temper in combat.]


Message History

The fire bat bites you but does no damage.
A reaper comes into view.
It is wielding a +6 scythe of protection.
The vault sentinel blows a loud note on a signal horn!
You hear a shout!
The vault sentinel disappears in a puff of smoke!
The fire bat closely misses you.
You block the green very ugly thing's attack.
The fire bat bites you but does no damage.
The worldbinder calls forth creatures from the Vaults!
The green very ugly thing basks in the mutagenic energy from its kin and changes!
You shoot an arrow. The arrow hits the fire bat.
The fire bat is heavily wounded.
The purple very ugly thing disappears in a puff of smoke!
The fire bat closely misses you.
The worldbinder hits you but does no damage.
The worldbinder barely misses you.
The reaper hits you from afar with a +6 scythe of protection!
The worldbinder barely misses you. The worldbinder completely misses you.
The ironbound thunderhulk hits you with a +0 dire flail!!
You block the worldbinder's attack. The worldbinder misses you.
The reaper hits you from afar with a +6 scythe of protection!!
* * * LOW HITPOINT WARNING * * *
The fire bat completely misses you.
The fire bat bites you but does no damage.
The reaper closely misses you.
You feel better. The fire bat completely misses you.
You block the reaper's attack.
Fire: D) +3 longbow (flame)
Press: ? - help, Shift-Dir - straight line, f - worldbinder, p - fire bat
Aim: a worldbinder (lightly damaged, 87% to hit)
You shoot an arrow. The arrow hits the worldbinder!!
The arrow burns the worldbinder.
The worldbinder is severely damaged.
The fire bat closely misses you.
The worldbinder hits you but does no damage.
The worldbinder hits you.
* * * LOW HITPOINT WARNING * * *
The reaper hits you from afar with a +6 scythe of protection!!
You die...
Your body crumbles into a pile of gold.

# ###. ..
#.#. . ##..
.## #.#.###..
#.. ...###
§§#.##@###
#.##...b#x.#
#..###..u.2.#
#. ###..##.#
#..# ...
#...# #..
#.#.# ...
.##.§ .§ #
.#.


You could see a green very ugly thing (summoned), a reaper, a worldbinder and a
fire bat.

Vanquished Creatures
  A tentacled starspawn (Abyss:2)
  An orc warlord (D:8)
  Snorg (Lair:3)
  Josephine (Lair:5)
  The ghost of wolfgangpup the Cleaver, a journeyman MiFi of Okawaru (D:10)
  A rakshasa (Abyss:2)
  A vault guard (D:13)
  3 centaur warriors
  5 hydras
  2 two-headed ogres (D:10)
  2 catoblepae
  A boulder beetle (D:11)
  2 starcursed masses (Abyss:2)
  Urug (D:12)
  A thrashing horror (Abyss:2)
  The ghost of jasper the Geomancer, a journeyman SpVM of Kikubaaqudgha (D:9)
  A wretched star (Abyss:2)
  A glowing orange brain (Abyss:2)
  3 bog bodies (Lair:2)
  A lindwurm (Lair:4)
  An orc knight (Bailey)
  An oklob plant (Lair:4)
  A manticore (D:12)
  An ugly thing (D:12)
  A worldbinder (Abyss:2)
  A cyclops (D:12)
  7 black mambas
  13 cane toads
  17 elephants
  2 gargoyles
  2 ice statues (IceCv)
  4 rime drakes
  A yaktaur (D:13)
  A freezing wraith (IceCv)
  2 kobold demonologists
  13 komodo dragons
  An anaconda simulacrum (IceCv)
  3 meliai (D:13)
  3 trolls
  3 ice devils (IceCv)
  A queen bee (Lair:3)
  10 polar bears
  A hornet (D:9)
  29 blink frogs
  A raiju (Lair:5)
  6 dream sheep (Lair:5)
  3 shadows
  A spriggan (Lair:4)
  4 wraiths
  A large abomination (Abyss:2)
  A ynoxinul (D:9)
  2 vampires
  3 wyverns
  3 dire elephant simulacra (IceCv)
  19 yaks
  2 neqoxecs (Abyss:2)
  Grum (D:8)
  A chaos spawn (Abyss:2)
  3 small abominations (Abyss:2)
  3 basilisks
  3 redbacks
  A swamp worm (Lair:2)
  6 wargs (Lair:5)
  2 harpy simulacra (IceCv)
  5 acid dragons
  14 hell hounds (Lair:5)
  4 hydra simulacra (IceCv)
  17 water moccasins
  Duvessa (D:7)
  A sky beast (D:8)
  4 orc warriors
  12 black bears
  4 ice beasts
  An ettin simulacrum (Abyss:2)
  40 wolves
  The ghost of OldManVictorn the Changer, an amateur GnWn (D:3)
  A black bear (shapeshifter) (Abyss:2)
  2 ogres
  5 centaurs
  A phantom (D:5)
  A kobold brigand (D:5)
  Blork the orc (D:5)
  11 bullfrogs
  2 gnoll sergeants
  2 scorpions
  9 wights
  A water moccasin skeleton (D:3)
  Dowan (D:7)
  23 killer bees
  An electric eel (Lair:2)
  4 howler monkeys
  A bullfrog zombie (D:3)
  A hound (D:5)
  8 jellies
  3 gnoll boudas
  2 bullfrog skeletons (D:3)
  4 orc priests
  5 iguanas
  6 orc wizards
  3 sleepcaps
  Natasha (twice) (D:2)
  A troll simulacrum (IceCv)
  2 wolf simulacra (IceCv)
  A hound zombie (D:3)
  28 gnolls
  4 adders
  2 naga simulacra (IceCv)
  2 shadow imps
  5 white imps
  3 ufetubi
  An adder zombie (D:3)
  2 worms (D:4)
  A dart slug (D:1)
  24 orcs
  13 ball pythons
  9 endoplasms
  4 giant cockroaches
  14 goblins
  11 hobgoblins
  3 quokkas
  A ball python zombie (D:3)
  5 bats
  4 frilled lizards
  20 kobolds
  5 rats
585 creatures vanquished.

Vanquished Creatures (others)
  4 starspawn tentacles (Abyss:2)
4 creatures vanquished.

Grand Total: 589 creatures vanquished

Notes
Turn   | Place    | Note
-------+----------+-------------------------------------------
     0 | D:1      | Maxmaps the Demonspawn Hunter began the quest for the Orb.
     0 | D:1      | Reached XP level 1. HP: 16/16 MP: 1/1
   123 | D:1      | Reached skill level 4 in Ranged Weapons
   252 | D:1      | Gained mutation: You are partially covered in yellow
                  | scales. (AC +2) [demonic ancestry]
   252 | D:1      | Reached XP level 2. HP: 22/22 MP: 2/2
   875 | D:2      | Reached XP level 3. HP: 23/27 MP: 3/3
  1135 | D:2      | Found a faded altar of an unknown god.
  1514 | D:2      | Noticed Natasha
  1518 | D:2      | Killed Natasha
  1519 | D:2      | Reached skill level 5 in Ranged Weapons
  1519 | D:2      | Gained mutation: A meltable shield of frost defends you.
                  | (SH +4) [demonic ancestry]
  1519 | D:2      | Reached XP level 4. HP: 33/33 MP: 4/4
  1675 | D:2      | Noticed Natasha
  1685 | D:2      | Killed Natasha
  1825 | D:3      | Found a basalt altar of Yredelemnul.
  1909 | D:3      | Found a transporter.
  1912 | D:3      | Noticed OldManVictorn's ghost (amateur GnWn)
  1972 | D:3      | Found a transporter.
  1990 | D:3      | Gained mutation: You are mostly covered in yellow scales.
                  | (AC +3) [demonic ancestry]
  1990 | D:3      | Reached XP level 5. HP: 38/38 MP: 5/5
  2005 | D:3      | Reached skill level 6 in Ranged Weapons
  2267 | D:3      | Found a bloodstained altar of Trog.
  3153 | D:4      | Gained mutation: A meltable icy envelope protects you from
                  | harm. (AC +8) [demonic ancestry]
  3153 | D:4      | Reached XP level 6. HP: 2/41 MP: 6/6
  3157 | D:4      | Gained mutation: You have sharp toenails. [potion of
                  | mutation]
  3157 | D:4      | Gained mutation: You are dopey. (Int -2) [potion of
                  | mutation]
  3168 | D:4      | Reached skill level 7 in Ranged Weapons
  3487 | D:4      | Gained mutation: A meltable icy envelope protects you from
                  | harm. (AC +8) [demonic ancestry]
  3487 | D:4      | Reached XP level 7. HP: 33/47 MP: 7/7
  3497 | D:4      | Reached skill level 8 in Ranged Weapons
  3889 | D:5      | Entered Level 5 of the Dungeon
  3910 | D:5      | Found an ancient bone altar of Kikubaaqudgha.
  4114 | D:5      | Noticed Blork the orc
  4130 | D:5      | Killed Blork the orc
  4329 | D:5      | Reached skill level 9 in Ranged Weapons
  4499 | D:5      | Gained mutation: You regenerate a little health from kills.
                  | [demonic ancestry]
  4499 | D:5      | Reached XP level 8. HP: 56/56 MP: 8/8
  4735 | D:6      | Reached skill level 10 in Ranged Weapons
  5076 | D:6      | Reached skill level 11 in Ranged Weapons
  5472 | D:6      | Gained mutation: You are completely covered in yellow
                  | scales. (AC +4, rCorr) [demonic ancestry]
  5472 | D:6      | Reached XP level 9. HP: 61/61 MP: 9/9
  5598 | D:6      | Found a hide-covered altar of Uskayaw.
  5598 | D:6      | Found a sparkling altar of Nemelex Xobeh.
  5663 | D:6      | Found a burning altar of Makhleb.
  5665 | D:6      | Found a faded altar of an unknown god.
  5667 | D:6      | Found an ornate altar of the Wu Jian Council.
  6184 | D:7      | Found a staircase to the Ecumenical Temple.
  6240 | Temple   | Entered the Ecumenical Temple
  6395 | Temple   | Became a worshipper of Gozag Ym Sagoz the Greedy
  6498 | D:7      | Reached skill level 12 in Ranged Weapons
  6511 | D:7      | Noticed Duvessa
  6511 | D:7      | Noticed Dowan
  6524 | D:7      | Killed Dowan
  6532 | D:7      | HP: 1/61 [Duvessa/+0 rapier (7)]
  6533 | D:7      | Killed Duvessa
  7173 | D:8      | Noticed Grum
  7196 | D:8      | Killed Grum
  7197 | D:8      | Reached skill level 13 in Ranged Weapons
  7391 | D:8      | Found a flagged portal.
  7413 | Bailey   | Entered a bailey
  7474 | Bailey   | Noticed an orc warlord
  7535 | Bailey   | Found a runed translucent gate.
  7536 | Bailey   | Found a runed translucent gate.
  7537 | Bailey   | Found a runed translucent gate.
  7562 | Bailey   | Noticed an orc knight
  7583 | Bailey   | Killed an orc knight
  7584 | Bailey   | Reached XP level 10. HP: 31/67 MP: 10/10
  7900 | D:9      | Reached skill level 16 in Ranged Weapons
  7900 | D:9      | Gained mutation: You have a small tail. [demonic ancestry]
  7900 | D:9      | Reached XP level 11. HP: 63/72 MP: 11/11
  8088 | D:9      | Noticed a centaur warrior
  8099 | D:9      | Killed a centaur warrior
  8446 | D:9      | Noticed jasper's ghost (journeyman SpVM)
  8485 | D:9      | Identified the +8 mace "Tausuib" {heavy, Str+2 Int+5}
  8641 | D:9      | Found a runed translucent door.
  8671 | D:9      | Noticed a five-headed hydra
  8700 | D:9      | Killed a five-headed hydra
  9228 | D:10     | Entered Level 10 of the Dungeon
  9333 | D:10     | Found a runed translucent gate.
  9333 | D:10     | Found a runed translucent gate.
  9333 | D:10     | Found a runed translucent gate.
  9359 | D:10     | Noticed a two-headed ogre
  9365 | D:10     | Killed a two-headed ogre
  9366 | D:10     | Reached skill level 17 in Ranged Weapons
  9469 | D:10     | Found a staircase to the Orcish Mines.
  9825 | D:10     | Noticed wolfgangpup's ghost (journeyman MiFi)
  9874 | D:10     | Noticed a two-headed ogre
  9909 | D:10     | Killed a two-headed ogre
 10156 | D:10     | Identified a scroll of acquirement
 10156 | D:10     | Acquired a +3 longbow of flaming
 10570 | D:8      | Killed an orc warlord
 10817 | D:8      | Found Nusioly's Specific Store.
 10819 | D:8      | Found Doeluarch's General Store.
 10888 | D:8      | Identified the +1 leather armour "Havuliyx" {SInv}
 10916 | D:8      | Found Sibbokif's Book Boutique.
 11115 | D:11     | Reached skill level 18 in Ranged Weapons
 11385 | D:11     | Noticed a boulder beetle
 11404 | D:11     | Killed a boulder beetle
 11441 | D:11     | Found a staircase to the Lair.
 11467 | D:11     | Gained mutation: You have a tail ending in a sharp stinger.
                  | [demonic ancestry]
 11467 | D:11     | Reached XP level 12. HP: 78/78 MP: 12/12
 11712 | D:11     | You fall into a shaft and drop 1 floor!
 12130 | D:12     | Noticed Urug
 12137 | D:12     | Killed Urug
 12694 | Lair:1   | Entered Level 1 of the Lair of Beasts
 12755 | Lair:1   | Reached skill level 19 in Ranged Weapons
 13383 | Lair:1   | Identified the +1 robe of the Doomed God {+Inv Str+4 Dex+3
                  | Slay+3}
 13393 | Lair:1   | Found a frozen archway.
 13402 | IceCv    | Entered an ice cave
 13643 | IceCv    | Reached skill level 20 in Ranged Weapons
 14138 | IceCv    | Reached XP level 13. HP: 64/83 MP: 13/13
 14544 | IceCv    | Noticed a reaper
 15534 | Lair:2   | Found a transporter.
 15736 | Lair:2   | Reached skill level 5 in Fighting
 15960 | Lair:2   | Found a transporter.
 15968 | Lair:2   | Found a bloodstained altar of Trog.
 15968 | Lair:2   | Noticed Ottew's ghost (journeyman DsFi)
 16255 | Lair:2   | Found a staircase to the Swamp.
 16668 | Lair:3   | Found a hole to the Spider Nest.
 17047 | D:8      | Bought an amulet of reflection for 360 gold pieces
 17047 | D:8      | Bought a ring of poison resistance for 240 gold pieces
 17492 | Lair:2   | Reached skill level 5 in Dodging
 17851 | Lair:3   | Noticed Snorg
 17864 | Lair:3   | Killed Snorg
 17942 | Lair:3   | Noticed mdonais's ghost (journeyman OpWn)
 17943 | Lair:3   | Found a runed translucent gate.
 17943 | Lair:3   | Found a runed translucent gate.
 17943 | Lair:3   | Found a runed translucent gate.
 18616 | D:3      | Killed OldManVictorn's ghost
 19758 | D:9      | Killed jasper's ghost
 20145 | D:10     | Killed wolfgangpup's ghost
 20403 | Lair:3   | Reached XP level 14. HP: 28/102 MP: 14/14
 20815 | Lair:4   | Reached skill level 1 in Armour
 21613 | Lair:4   | Reached skill level 5 in Armour
 21926 | Lair:5   | Entered Level 5 of the Lair of Beasts
 22644 | Lair:5   | Found a viscous altar of Jiyva.
 22644 | Lair:5   | Found a staircase to the Slime Pits.
 23406 | Lair:5   | Reached skill level 1 in Evocations
 23421 | Lair:5   | Identified the +5 chain mail of Rethu {rF++ rCorr Str+2
                  | Int-4}
 23585 | Lair:5   | Identified the +1 hand axe of Certain Death {heavy, rF+
                  | rN++ Dex-5}
 23585 | Lair:5   | Noticed Josephine
 23597 | Lair:5   | Killed Josephine
 24633 | Abyss:2  | Cast into level 2 of the Abyss (a wizard)
 24840 | Abyss:2  | Reached skill level 5 in Evocations
 24840 | Abyss:2  | Reached XP level 15. HP: 108/108 MP: 15/15
 25091 | Abyss:2  | Noticed a tentacled starspawn
 25098 | Abyss:2  | Killed a tentacled starspawn
 25127 | Abyss:2  | Slain by a reaper

Illustrated notes

Levels and vault maps discovered:
D:1:      tarquinn_simple_flora_water_b, layout_basic, fountainhead
D:2:      kennysheep_six_static_rooms, layout_loops_corners,
          shapermc_ecumenical_altar_pompeii, serial_rivers,
          chequers_serial_rivers_micro_d, chequers_serial_rivers_room_b,
          chequers_serial_rivers_small_3, chequers_serial_rivers_micro_e,
          uniq_natasha
D:3:      layout_basic, nicolae_yredelemnul_corpse_copse,
          mainiacjoe_overflow_cross_hatched, nicolae_overflow_hidden_temple,
          gammafunk_ghost_mausoleum
D:4:      minmay_opposing_rooms, layout_basic
D:5:      layout_rooms, mainiacjoe_overflow_concentric_impassable,
          nicolae_the_louvre, uniq_blork_the_orc
D:6:      layout_loops_ring, chequers_temple_overflow_minitemple
D:7:      lemuel_ice_spiral_2, layout_basic, minmay_temple_entry_mist,
          minmay_microvault, uniq_duvessa
D:8:      layout_cave_pools, serial_shops, nicolae_shop_tiny_real_fake_doors,
          enter_bailey_5, nicolae_specific_store, minmay_manual_mess, uniq_grum
D:9:      layout_basic, mainiacjoe_overflow_alcove_1, hellmonk_ghost_big_iron,
          corner_web_ring, minmay_three_doors
D:10:     minmay_general_purpose_star, layout_cave_pools, orc_0_dummy,
          gammafunk_ghost_icy
D:11:     layout_gridville, david_lair_shrubbed
D:12:     layout_roguey, corexii_hall_statues_i, uniq_urug
D:13:     layout_roguey, grunt_vaults_entry_fortified,
          nicolae_vehumet_altar_sigil
Temple:   hellmonk_temple_forest_ring
Lair:1:   layout_chaotic_city, portal_ice_cave_entry_ice_simulacra, st_stairs_3,
          grunt_megastairs_1
Lair:2:   layout_cave_shapes, nicolae_swamp_entry_splash_gauntlet,
          gammafunk_ghost_wrathful_warriors, infiniplex_staircase_pool_2
Lair:3:   layout_small_grid, spider_nest_entry_a, gammafunk_ghost_hydra_chop,
          special_room [special_room_bee], uniq_snorg
Lair:4:   layout_regular_city, forest_entry_grove
Lair:5:   hangedman_lair_caniforms_friends, layout_long_grid,
          nicolae_slime_entry_slimehenge, gauntlet_entry_generic,
          lemuel_fruit_tree, uniq_josephine
Abyss:2:  base: Lair:3, evilmike_abyss_exit_14, evilmike_abyss_exit_10,
          spicy_abyss_unhelpful_harpoons

Skill      XL: |  1  2  3  4  5  6  7  8  9 10 11 12 13 14 15 |
---------------+----------------------------------------------+-----
Ranged Weapons | 4 5 6 7 9 11 13 16 18 20 | 20.2
Fighting       | 7 |  7.0
Dodging        | 7 8 |  8.0
Armour         | 9 |  9.2
Evocations     | 5 6 |  6.5
Stealth        | |  0.8

Action                     |  1- 3 |  4- 6 |  7- 9 | 10-12 | 13-15 || total
---------------------------+-------+-------+-------+-------+-------++-------
  Melee: Arbalest          |       |       |     4 |       |       ||     4
         Orcbow            |       |       |     2 |       |       ||     2
         Longbow           |       |       |       |     1 |       ||     1
         Kick              |       |       |       |     1 |       ||     1
   Fire: Shortbow          |   109 |   234 |   232 |       |       ||   575
         Orcbow            |       |       |   266 |       |       ||   266
         Arbalest          |       |       |   115 |   182 |       ||   297
         Longbow           |       |       |       |   418 |  1285 ||  1703
 Invoke: Potion Petition   |       |       |       |     3 |     1 ||     4
    Use: Potion            |       |     7 |     5 |     3 |     4 ||    19
         Scroll            |       |       |    15 |     4 |    13 ||    32
 Armour: Leather armour    |     2 |       |       |       |       ||     2
         Scale mail        |    19 |    61 |   236 |   223 |   443 ||   982
         Skin              |       |     5 |       |       |       ||     5
  Dodge: Dodged            |    32 |   140 |   380 |   229 |   676 ||  1457
  Block: Other             |       |    40 |    76 |    60 |   374 ||   550
         Reflection        |       |       |       |       |     9 ||     9

Table legend: (Time is in decaauts)
 A = Elapsed time spent in this place.
 B = Non-inter-level travel time spent in this place.
 C = Inter-level travel time spent in this place.
 D = Time resting spent in this place.
 E = Time spent auto-exploring this place.
 F = Levels seen in this place.
 G = Mean time per level.
                   A        B        C        D        E       F      G
               +--------+--------+--------+--------+--------+-----+--------+
         Total |  25420 |  22915 |   2505 |   3110 |  14759 |  22 | 1155.5 |
       Dungeon |  14858 |  12872 |   1986 |   1439 |   8654 |  13 | 1142.9 |
        Temple |    174 |    143 |     31 |      0 |    131 |   1 |  174.0 |
          Lair |   7985 |   7499 |    486 |    942 |   4912 |   5 | 1597.0 |
         Abyss |    485 |    485 |      0 |      0 |    348 |   1 |  485.0 |
        Bailey |    492 |    492 |      0 |     17 |    264 |   1 |  492.0 |
      Ice Cave |   1425 |   1425 |      0 |    712 |    449 |   1 | 1425.0 |
               +--------+--------+--------+--------+--------+-----+--------+

Top non-repeatable levels by time:
     D:9: 1959 daAuts
  Lair:1: 1844 daAuts
  Lair:5: 1817 daAuts
  Lair:3: 1623 daAuts
    D:10: 1594 daAuts
     D:4: 1531 daAuts
     D:7: 1447 daAuts
  Lair:2: 1435 daAuts
   IceCv: 1425 daAuts
     D:6: 1289 daAuts
  Lair:4: 1265 daAuts
     D:8: 1150 daAuts
    D:12: 1114 daAuts
     D:2: 1105 daAuts
    D:11: 908 daAuts
